 Dungeon Crawl Stone Soup version 0.29.0-4-gdea44cf6ec (webtiles) character file.

Game seed: 13837822739430184236

59469 qw the Brawler (level 14, -1/140 HPs)
             Began as a Troll Cinder Acolyte on Sept 1, 2022.
             Was a High Priest of Okawaru.
             Slain by a centaur warrior simulacrum (6 damage)
             ... while petrified by a basilisk
             ... on level 12 of the Dungeon.
             The game lasted 00:09:31 (16608 turns).

qw the Brawler (Troll Cinder Acolyte)              Turns: 16608, Time: 00:09:31

Health: -1/140     AC:  5    Str: 29    XL:     14   Next: 53%
Magic:  17/29      EV:  1    Int: 10    God:    Okawaru [*****.]
Gold:   1083       SH:  0    Dex:  5    Spells: 15/15 levels left

rFire   . . .      SeeInvis .     - Unarmed
rCold   . . .      Faith    .   i - +0 kite shield
rNeg    + + +      Spirit   .   q - +1 robe of Nihuyboga {rPois rCorr MP+9 Stlth-}
rPois   inf        Reflect  .   (helmet restricted)
rElec   +          Harm     .   (no cloak)
rCorr   +          Rampage  .   (gloves unavailable)
Will    +....                   (boots unavailable)
Stlth   +.........              a - amulet of regeneration
HPRegen 1.93/turn               j - ring of the Hare {EV+8}
MPRegen 0.21/turn               d - +4 ring of slaying {mikee}

@: petrified, heroic, finesse-ful, spiked
A: large, unfitting armour, claws 3, regeneration 1, shaggy fur 1, tough skin 1,
electricity resistance, MP-powered wands, sturdy frame 1
a: Renounce Religion, Heroism, Finesse, Duel


You were on level 12 of the Dungeon.
You worshipped Okawaru.
Okawaru was extremely pleased with you.
You visited 2 branches of the dungeon, and saw 17 of its levels.

You collected 1083 gold pieces.


Innate Abilities, Weirdness & Mutations

You are too large for most types of armour.
You have claws for hands.
Your natural rate of healing is unusually fast.
You are covered in fur. (AC +1)
You have tough skin. (AC +1)
You are resistant to electric shocks. (rElec)
You expend magic power (3 MP) to strengthen your wands.
Your movements are slightly less encumbered by armour. (ER -2)


   Skills:
 - Level 9.0(14.0) Fighting
 - Level 8.0(13.0) Throwing
 - Level 2.1(7.1) Armour
 - Level 2.1(7.1) Dodging
 + Level 3.3(8.3) Shields
 - Level 19.0(24.0) Unarmed Combat
 - Level 1.0 Spellcasting
 - Level 2.1 Fire Magic
 + Level 9.4 Invocations


You had 15 spell levels left.
You didn't know any spells.
Your spell library contained the following spells:

 Spells                   Type           Power      Damage    Failure   Level
 Scorch                   Fire           8%         2d5       38%         2

Inventory:

Missiles
 e - 6 boomerangs
 k - 3 large rocks (quivered)
Armour
 i - a +0 kite shield (worn)
 n - +0 steam dragon scales
 o - a +1 robe of cold resistance
 q - the +1 robe of Nihuyboga (worn) {rPois rCorr MP+9 Stlth-}
   (Okawaru gifted it to you on level 5 of the Lair of Beasts)

   rPois:     It protects you from poison.
   MP:        It affects your magic capacity (+9).
   rCorr:     It protects you from acid and corrosion.
   Stlth:     It makes you less stealthy.
Jewellery
 a - an amulet of regeneration (around neck)
 d - a +4 ring of slaying (right claw) {mikee}
 f - the ring of Acsis {rF- rN+ Dex+5 Slay+3}
   (You acquired it on level 7 of the Dungeon)

   [ring of positive energy]

   Dex:       It affects your dexterity (+5).
   Slay:      It affects your accuracy & damage with ranged weapons and melee
   (+3).
   rF:        It makes you vulnerable to fire.
   rN:        It protects you from negative energy.
 j - the ring of the Hare (left claw) {EV+8}
   (You found it on level 4 of the Dungeon)

   [ring of evasion]

   EV:        It affects your evasion (+8).
Scrolls
 g - 7 scrolls of identify
 l - 4 scrolls of enchant weapon
Potions
 b - 3 potions of haste
 c - 7 potions of curing
 h - 4 potions of might
 m - 4 potions of mutation

Dungeon Overview and Level Annotations

Branches:
Dungeon (12/15)            Temple (0/1) D:6            Lair (5/5) D:10
  Swamp (0/4) Lair:3        Snake (0/4) Lair:3        Slime (0/5) Lair:4
    Orc (0/2) D:9

Altars:
Ashenzari
Fedhas
Hepliaklqana
Kikubaaqudgha
Okawaru
Sif Muna
Trog
Uskayaw
Xom
Yredelemnul
Zin
Jiyva
Lugonu

Shops:
D:6 (   D:7 *

Portals:
Abyss: Lair:4

Annotations:
D:5 1 runed translucent door, qw's ghost, novice TeWr
Lair:2 2 transporters, qw's ghost, journeyman TrCA
Lair:4 3 runed translucent doors, qw's ghost, journeyman TrCA


Message History

Something appears at your feet!
The centaur warrior simulacrum closely misses you.
The centaur warrior simulacrum barely misses you.
A great orb of eyes comes into view.
You mangle the great orb of eyes!!
The great orb of eyes is heavily wounded.
You scratch the great orb of eyes.
The great orb of eyes is heavily wounded.
You block the centaur warrior simulacrum's attack.
The centaur warrior simulacrum closely misses you.
The great orb of eyes bites you.
You have turned to stone.
The centaur warrior simulacrum hits you!
The centaur warrior simulacrum freezes you!
The centaur warrior simulacrum kicks you.
The centaur warrior simulacrum freezes you!
The great orb of eyes bites you!! The troll bites you. The troll claws you!
The troll claws you but does no damage.
The centaur warrior simulacrum hits you but does no damage.
The centaur warrior simulacrum kicks you but does no damage.
The great orb of eyes bites you!
The centaur warrior simulacrum hits you.
The centaur warrior simulacrum freezes you!
The centaur warrior simulacrum kicks you but does no damage.
The troll bites you. The troll claws you but does no damage.
The troll claws you!
The centaur warrior simulacrum hits you!
The centaur warrior simulacrum freezes you!
The centaur warrior simulacrum kicks you but does no damage.
The great orb of eyes gazes at you.
You feel your power leaking away. The troll bites you! The troll claws you.
The troll claws you!
The centaur warrior simulacrum hits you.
The centaur warrior simulacrum freezes you!
The centaur warrior simulacrum kicks you but does no damage.
The great orb of eyes bites you! The troll bites you. The troll claws you. x2
The centaur warrior simulacrum hits you.
The centaur warrior simulacrum freezes you!!
The centaur warrior simulacrum kicks you.
The centaur warrior simulacrum freezes you!
You die...

#..# #.#.....#...# #..#
#.#.....'...# ######..#
#.#.....#...# #.......#
#.#>....#.... #.......# ##
#.#######.... #.......#
.###............
#.......########..##............
#.......##<....TZ.$#............
#.......##>....@..?#............
#.......########G.##............
#.......# H###............
#.......# ## #.########...
#.......# #.# #... #.......# #.#
#... #.......# #.# #...
#.......# #.########...
#.....!.############............


You could see a great orb of eyes, a manticore, a troll and a centaur warrior
simulacrum.

Vanquished Creatures
  Fannar (Lair:3)
  5 boulder beetles
  2 catoblepae (Lair:5)
  6 hydras
  4 two-headed ogres
  9 death yaks
  A deep troll shaman (Lair:5)
  An orc knight (D:11)
  A deep elf pyromancer (D:12)
  An oklob plant (Lair:3)
  An ugly thing (D:12)
  A cyclops (D:11)
  A manticore (D:11)
  20 elephants
  3 black mambas
  4 rime drakes
  Maggie (D:6)
  6 cane toads
  10 komodo dragons
  4 guardian mummies (D:12)
  7 trolls
  A queen bee (D:11)
  12 blink frogs
  2 polar bears
  2 tyrant leeches (Lair:3)
  6 dream sheep
  8 slime creatures
  A shadow (D:12)
  4 water elementals (D:10)
  Sigmund (D:6)
  A vampire (D:12)
  2 wyverns
  2 wraiths (D:11)
  45 yaks
  A vampire mosquito (D:11)
  12 fire elementals
  3 basilisks
  7 water moccasins
  4 nagas (Lair:3)
  3 acid dragons
  A swamp worm (Lair:3)
  10 orc warriors
  3 black bears
  A sky beast (D:6)
  An ice beast (D:5)
  2 ogres
  27 wolves
  A centaur (D:11)
  4 kobold brigands
  9 bullfrogs
  5 scorpions
  A necrophage (D:4)
  3 gnoll sergeants
  35 killer bees
  3 electric eels (D:9)
  6 howler monkeys
  2 gnoll boudas (D:7)
  5 hounds
  9 orc priests
  2 jellies
  14 orc wizards
  3 iguanas
  4 mummies (D:12)
  25 gnolls
  7 adders
  2 shadow imps (D:6)
  6 white imps
  3 ufetubi
  A worm (D:4)
  3 dart slugs
  49 orcs
  4 ball pythons
  3 bats
  6 endoplasms
  3 giant cockroaches
  6 goblins
  6 hobgoblins
  6 jackals
  2 quokkas
  3 frilled lizards
  16 kobolds
  3 rats
  2 lurking horrors (Lair:4)
513 creatures vanquished.

Vanquished Creatures (others)
  An orc wizard (D:9)
  2 demonic plants (D:6)
  19 fungi
  27 plants
49 creatures vanquished.

Grand Total: 562 creatures vanquished

Notes
Turn   | Place    | Note
-------+----------+-------------------------------------------
     0 | D:1      | qw the Troll Cinder Acolyte began the quest for the Orb.
     0 | D:1      | Reached XP level 1. HP: 22/22 MP: 1/1
     0 | D:1      | 0 ||| qw: Version: 0.1-a-97-g2dd2ca4
     0 | D:1      | 0 ||| qw: Game counter: 4847
     0 | D:1      | 0 ||| qw: Always use a shield: true
     0 | D:1      | 0 ||| qw: God list: Okawaru
     0 | D:1      | 0 ||| qw: Allow faded altars: false
     0 | D:1      | 0 ||| qw: Do Orc after D:15 true
     0 | D:1      | 0 ||| qw: Do second Lair branch before Depths: true
     0 | D:1      | 0 ||| qw: Lair rune preference: random
     0 | D:1      | 0 ||| qw: Plans: Normal
     0 | D:1      | 0 ||| PLANNING D:1-11
   228 | D:1      | Found a faded altar of an unknown god.
   235 | D:1      | Reached XP level 2. HP: 29/29 MP: 2/2
   720 | D:1      | 720 ||| READING scroll labelled ZUZATU UDODDE.
   744 | D:2      | 744 ||| STAIRDANCE
   752 | D:2      | 752 ||| STAIRDANCE
   756 | D:1      | Reached skill level 4 in Unarmed Combat
   763 | D:2      | Reached XP level 3. HP: 33/36 MP: 3/3
   805 | D:2      | 805 ||| Stepping ~*~*~tactically~*~*~ (outnumbered).
   806 | D:2      | 806 ||| Stepping ~*~*~tactically~*~*~ (outnumbered).
   807 | D:2      | 807 ||| Stepping ~*~*~tactically~*~*~ (outnumbered).
   808 | D:2      | 808 ||| Stepping ~*~*~tactically~*~*~ (outnumbered).
   809 | D:2      | 809 ||| Stepping ~*~*~tactically~*~*~ (outnumbered).
   813 | D:2      | 813 ||| Stepping ~*~*~tactically~*~*~ (outnumbered).
   825 | D:2      | Identified the +11 hand axe of the Leaping Gods {vorpal,
                  | *Noise rF+ SInv}
   963 | D:2      | Identified the +7 dagger "Niluant" {vorpal, Dex+3}
   996 | D:2      | 996 ||| Stepping ~*~*~tactically~*~*~ (hiding).
  1234 | D:2      | 1234 ||| READING scroll labelled IHUBBAGR GUBB.
  1235 | D:2      | 1235 ||| DRINKING 2 dark potions.
  1270 | D:3      | 1270 ||| INVOKING Fiery Armour.
  1274 | D:3      | 1274 ||| Stepping ~*~*~tactically~*~*~ (outnumbered).
  1275 | D:3      | 1275 ||| Stepping ~*~*~tactically~*~*~ (outnumbered).
  1276 | D:3      | 1276 ||| Stepping ~*~*~tactically~*~*~ (outnumbered).
  1281 | D:3      | Reached skill level 5 in Unarmed Combat
  1281 | D:3      | Reached XP level 4. HP: 21/44 MP: 4/4
  1385 | D:3      | Reached XP level 5. HP: 47/50 MP: 5/5
  1655 | D:3      | Reached skill level 6 in Unarmed Combat
  1676 | D:3      | Found a glowing silver altar of Zin.
  1677 | D:3      | You fall into a shaft and drop 3 floors!
  1682 | D:6      | 1682 ||| READING scroll labelled QUGHIU XYOLL.
  1683 | D:6      | 1683 ||| DRINKING 2 viscous emerald potions.
  1693 | D:5      | Entered Level 5 of the Dungeon
  1718 | D:5      | Noticed a water moccasin
  1719 | D:5      | 1719 ||| Stepping ~*~*~tactically~*~*~ (stealth).
  1722 | D:5      | 1722 ||| Stepping ~*~*~tactically~*~*~ (stealth).
  1758 | D:5      | 1758 ||| Stepping ~*~*~tactically~*~*~ (hiding).
  1763 | D:5      | 1763 ||| Stepping ~*~*~tactically~*~*~ (outnumbered).
  1767 | D:5      | Reached XP level 6. HP: 59/59 MP: 6/6
  1796 | D:5      | Reached skill level 7 in Unarmed Combat
  1804 | D:5      | 1804 ||| Stepping ~*~*~tactically~*~*~ (stealth).
  1805 | D:5      | 1805 ||| Stepping ~*~*~tactically~*~*~ (stealth).
  1819 | D:5      | Killed a water moccasin
  1880 | D:5      | 1880 ||| Stepping ~*~*~tactically~*~*~ (hiding).
  1885 | D:5      | 1885 ||| INVOKING Fiery Armour.
  1918 | D:5      | Reached skill level 8 in Unarmed Combat
  1942 | D:5      | Reached XP level 7. HP: 66/66 MP: 7/7
  1947 | D:5      | Reached skill level 3 in Fighting
  1949 | D:5      | 1949 ||| Stepping ~*~*~tactically~*~*~ (stealth).
  2111 | D:5      | 2111 ||| DRINKING 2 silvery potions.
  2112 | D:5      | 2112 ||| DROPPING potion of attraction.
  2114 | D:5      | Found a runed translucent door.
  2114 | D:5      | Noticed qw's ghost (novice TeWr)
  2152 | D:4      | Found a blossoming altar of Fedhas.
  2529 | D:4      | 2529 ||| Stepping ~*~*~tactically~*~*~ (stealth).
  2578 | D:4      | Reached skill level 9 in Unarmed Combat
  2613 | D:4      | 2613 ||| Stepping ~*~*~tactically~*~*~ (stealth).
  2614 | D:4      | 2614 ||| Stepping ~*~*~tactically~*~*~ (stealth).
  2615 | D:4      | 2615 ||| Stepping ~*~*~tactically~*~*~ (stealth).
  2616 | D:4      | 2616 ||| Stepping ~*~*~tactically~*~*~ (stealth).
  2617 | D:4      | 2617 ||| Stepping ~*~*~tactically~*~*~ (stealth).
  2624 | D:4      | 2624 ||| Stepping ~*~*~tactically~*~*~ (stealth).
  2653 | D:4      | Found the ring of the Hare {EV+8}
  2745 | D:4      | 2745 ||| UPGRADING to ring of the Hare {EV+8}.
  2746 | D:4      | 2746 ||| UPGRADING to +4 ring of slaying {mikee}.
  2747 | D:4      | 2747 ||| Stepping randomly (stuck).
  2748 | D:4      | 2748 ||| Stepping randomly (stuck).
  2749 | D:4      | 2749 ||| Stepping randomly (stuck).
  2754 | D:4      | Reached skill level 1 in Throwing
  2793 | D:4      | Found a shimmering blue altar of Sif Muna.
  3011 | D:4      | 3011 ||| READING scroll labelled NEB VO PEIPTE.
  3038 | D:5      | Reached skill level 1 in Dodging
  3038 | D:5      | Reached XP level 8. HP: 45/75 MP: 8/8
  3038 | D:5      | 3038 ||| STAIRDANCE
  3127 | D:5      | Found a hazy altar of Hepliaklqana.
  3274 | D:5      | 3274 ||| Stepping ~*~*~tactically~*~*~ (stealth).
  3275 | D:5      | 3275 ||| Stepping ~*~*~tactically~*~*~ (stealth).
  3284 | D:5      | 3284 ||| Stepping ~*~*~tactically~*~*~ (stealth).
  3285 | D:5      | 3285 ||| Stepping ~*~*~tactically~*~*~ (stealth).
  3288 | D:5      | 3288 ||| Stepping ~*~*~tactically~*~*~ (stealth).
  3533 | D:6      | 3533 ||| Stepping ~*~*~tactically~*~*~ (hiding).
  3534 | D:6      | 3534 ||| Stepping ~*~*~tactically~*~*~ (hiding).
  3590 | D:6      | Found a bloodstained altar of Trog.
  3591 | D:6      | 3591 ||| Stepping ~*~*~tactically~*~*~ (hiding).
  3635 | D:6      | 3635 ||| Stepping ~*~*~tactically~*~*~ (stealth).
  3639 | D:6      | 3639 ||| Stepping ~*~*~tactically~*~*~ (stealth).
  3652 | D:6      | Found a shimmering altar of Xom.
  3659 | D:6      | Noticed Sigmund
  3660 | D:6      | 3660 ||| Stepping ~*~*~tactically~*~*~ (hiding).
  3666 | D:6      | Killed Sigmund
  3667 | D:6      | Reached skill level 10 in Unarmed Combat
  3690 | D:6      | 3690 ||| Stepping ~*~*~tactically~*~*~ (hiding).
  3881 | D:6      | Found a staircase to the Ecumenical Temple.
  3921 | D:6      | 3921 ||| Stepping ~*~*~tactically~*~*~ (hiding).
  3922 | D:6      | 3922 ||| Stepping ~*~*~tactically~*~*~ (hiding).
  4092 | D:6      | Found Caumin's Weapon Emporium.
  4097 | D:6      | 4097 ||| READING 2 scrolls of identify.
  4097 | D:6      | 4097 ||| IDENTIFYING black potion
  4177 | D:6      | 4177 ||| Stepping ~*~*~tactically~*~*~ (hiding).
  4304 | D:6      | Noticed Maggie
  4310 | D:6      | Killed Maggie
  4311 | D:6      | Reached skill level 11 in Unarmed Combat
  4311 | D:6      | Reached XP level 9. HP: 70/84 MP: 9/9
  4366 | D:6      | 4366 ||| UPGRADING to +0 steam dragon scales.
  4376 | D:6      | 4376 ||| DROPPING +0 robe.
  4377 | D:6      | 4377 ||| DROPPING potion of flight.
  4395 | D:7      | 4395 ||| INVOKING Fiery Armour.
  4398 | D:7      | 4398 ||| Stepping ~*~*~tactically~*~*~ (outnumbered).
  4400 | D:7      | 4400 ||| Stepping ~*~*~tactically~*~*~ (outnumbered).
  4402 | D:7      | 4402 ||| Stepping ~*~*~tactically~*~*~ (outnumbered).
  4411 | D:7      | Reached skill level 1 in Armour
  4439 | D:7      | Found an ancient bone altar of Kikubaaqudgha.
  4458 | D:7      | 4458 ||| Stepping ~*~*~tactically~*~*~ (stealth).
  4532 | D:7      | 4532 ||| Stepping ~*~*~tactically~*~*~ (outnumbered).
  4533 | D:7      | 4533 ||| Stepping ~*~*~tactically~*~*~ (hiding).
  4534 | D:7      | 4534 ||| Stepping ~*~*~tactically~*~*~ (hiding).
  4535 | D:7      | 4535 ||| Stepping ~*~*~tactically~*~*~ (outnumbered).
  4536 | D:7      | 4536 ||| Stepping ~*~*~tactically~*~*~ (outnumbered).
  4624 | D:7      | Found an iron altar of Okawaru.
  4816 | D:7      | Found Xahelyg's General Store.
  4902 | D:7      | 4902 ||| UPGRADING to amulet of regeneration.
  4907 | D:7      | 4907 ||| READING scroll labelled SUH ENEETEWK.
  4908 | D:7      | 4908 ||| READING 2 scrolls labelled BIFRAGYUTO.
  4911 | D:7      | 4911 ||| READING scroll labelled EZOXKIN LUIL.
  4911 | D:7      | Identified a scroll of acquirement
  4911 | D:7      | 4911 ||| ACQUIRING ring of Acsis {rF- rN+ Dex+5 Slay+3}
  4911 | D:7      | Acquired the ring of Acsis {rF- rN+ Dex+5 Slay+3}
  4913 | D:7      | 4913 ||| READING scroll labelled SUDWIM ZIT ROENE.
  5014 | D:7      | 5014 ||| DRINKING 3 fizzy dark potions.
  5014 | D:7      | Gained mutation: You expend magic power (3 MP) to
                  | strengthen your wands. [potion of mutation]
  5014 | D:7      | Gained mutation: Your movements are slightly less
                  | encumbered by armour. (ER -2) [potion of mutation]
  5014 | D:7      | Gained mutation: You are resistant to electric shocks.
                  | (rElec) [potion of mutation]
  5015 | D:7      | 5015 ||| READING 3 scrolls of identify.
  5015 | D:7      | 5015 ||| IDENTIFYING metallic emerald potion
  5016 | D:7      | 5016 ||| READING 2 scrolls of identify.
  5016 | D:7      | 5016 ||| IDENTIFYING emerald potion
  5017 | D:7      | 5017 ||| DROPPING potion of magic.
  5080 | D:8      | Found a broken altar of Ashenzari.
  5105 | D:8      | 5105 ||| DRINKING 2 metallic black potions.
  5106 | D:8      | 5106 ||| UPGRADING to ring of Acsis {rF- rN+ Dex+5 Slay+3}.
  5108 | D:8      | 5108 ||| DROPPING potion of degeneration.
  5109 | D:8      | 5109 ||| READING scroll of teleportation.
  5156 | D:8      | Found Xittint's Jewellery Boutique.
  5214 | D:8      | 5214 ||| Stepping ~*~*~tactically~*~*~ (hiding).
  5431 | D:8      | Found a flagged portal.
  5432 | D:8      | 5432 ||| Stepping ~*~*~tactically~*~*~ (hiding).
  5434 | D:8      | 5434 ||| Stepping ~*~*~tactically~*~*~ (stealth).
  5435 | D:8      | 5435 ||| Stepping ~*~*~tactically~*~*~ (hiding).
  5443 | D:8      | 5443 ||| DRINKING 3 potions of curing.
  5443 | D:8      | 5443 ||| (to cure confusion)
  5445 | D:8      | 5445 ||| Stepping ~*~*~tactically~*~*~ (outnumbered).
  5467 | D:8      | 5467 ||| Stepping ~*~*~tactically~*~*~ (stealth).
  5488 | D:8      | 5488 ||| Stepping ~*~*~tactically~*~*~ (outnumbered).
  5489 | D:8      | 5489 ||| Stepping ~*~*~tactically~*~*~ (hiding).
  5495 | D:8      | 5495 ||| INVOKING Fiery Armour.
  5498 | D:8      | 5498 ||| Stepping ~*~*~tactically~*~*~ (hiding).
  5502 | D:8      | Reached skill level 12 in Unarmed Combat
  5502 | D:8      | 5502 ||| Stepping ~*~*~tactically~*~*~ (hiding).
  5512 | D:8      | 5512 ||| Stepping ~*~*~tactically~*~*~ (outnumbered).
  5522 | D:8      | 5522 ||| Stepping ~*~*~tactically~*~*~ (stealth).
  5527 | D:8      | 5527 ||| Stepping ~*~*~tactically~*~*~ (outnumbered).
  5532 | D:8      | 5532 ||| Stepping ~*~*~tactically~*~*~ (stealth).
  5535 | D:8      | 5535 ||| Stepping ~*~*~tactically~*~*~ (outnumbered).
  5540 | D:8      | 5540 ||| Stepping ~*~*~tactically~*~*~ (stealth).
  5637 | D:8      | 5637 ||| Stepping ~*~*~tactically~*~*~ (outnumbered).
  5743 | D:8      | 5743 ||| UPGRADING to +4 ring of slaying {mikee}.
  5745 | D:8      | 5745 ||| READING 2 scrolls of identify.
  5745 | D:8      | 5745 ||| IDENTIFYING sapphire potion
  5746 | D:8      | 5746 ||| DROPPING potion of brilliance.
  5819 | D:9      | 5819 ||| INVOKING Fiery Armour.
  5821 | D:9      | 5821 ||| Stepping ~*~*~tactically~*~*~ (outnumbered).
  5824 | D:9      | 5824 ||| Stepping ~*~*~tactically~*~*~ (outnumbered).
  5834 | D:9      | 5834 ||| Stepping ~*~*~tactically~*~*~ (outnumbered).
  5836 | D:9      | 5836 ||| FLEEEEING.
  5837 | D:9      | 5837 ||| FLEEEEING.
  5838 | D:9      | 5838 ||| FLEEEEING.
  5839 | D:9      | 5839 ||| FLEEEEING.
  5840 | D:9      | 5840 ||| FLEEEEING.
  5841 | D:9      | 5841 ||| FLEEEEING.
  5977 | D:9      | 5977 ||| INVOKING Fiery Armour.
  5991 | D:9      | Reached skill level 13 in Unarmed Combat
  5992 | D:9      | 5992 ||| FLEEEEING.
  5996 | D:9      | 5996 ||| Stepping ~*~*~tactically~*~*~ (outnumbered).
  6006 | D:9      | Reached XP level 10. HP: 90/96 MP: 10/10
  6008 | D:9      | 6008 ||| DRINKING 4 potions of curing.
  6008 | D:9      | 6008 ||| (to cure confusion)
  6023 | D:9      | 6023 ||| FLEEEEING.
  6024 | D:9      | 6024 ||| FLEEEEING.
  6035 | D:9      | 6035 ||| FLEEEEING.
  6036 | D:9      | 6036 ||| FLEEEEING.
  6045 | D:9      | 6045 ||| FLEEEEING.
  6046 | D:9      | 6046 ||| FLEEEEING.
  6047 | D:9      | 6047 ||| FLEEEEING.
  6048 | D:9      | 6048 ||| FLEEEEING.
  6049 | D:9      | 6049 ||| FLEEEEING.
  6051 | D:9      | 6051 ||| Stepping ~*~*~tactically~*~*~ (outnumbered).
  6056 | D:9      | 6056 ||| FLEEEEING.
  6057 | D:9      | 6057 ||| FLEEEEING.
  6058 | D:9      | 6058 ||| FLEEEEING.
  6059 | D:9      | 6059 ||| FLEEEEING.
  6060 | D:9      | 6060 ||| FLEEEEING.
  6061 | D:9      | 6061 ||| FLEEEEING.
  6062 | D:9      | 6062 ||| FLEEEEING.
  6063 | D:9      | 6063 ||| FLEEEEING.
  6166 | D:9      | 6166 ||| Invisible monster not found???
  6354 | D:9      | 6354 ||| INVOKING Fiery Armour.
  6527 | D:9      | 6527 ||| Stepping ~*~*~tactically~*~*~ (hiding).
  6528 | D:9      | 6528 ||| Stepping ~*~*~tactically~*~*~ (hiding).
  6562 | D:9      | 6562 ||| Stepping ~*~*~tactically~*~*~ (hiding).
  6563 | D:9      | 6563 ||| Stepping ~*~*~tactically~*~*~ (hiding).
  6673 | D:9      | 6673 ||| Stepping ~*~*~tactically~*~*~ (stealth).
  6675 | D:9      | 6675 ||| Stepping ~*~*~tactically~*~*~ (hiding).
  6808 | D:9      | Found a basalt altar of Yredelemnul.
  7081 | D:9      | Found a staircase to the Orcish Mines.
  7260 | D:9      | 7260 ||| DROPPING orb of energy.
  7261 | D:9      | 7261 ||| DROPPING ring of see invisible.
  7262 | D:9      | 7262 ||| READING scroll labelled KUYMATH YREGOE.
  7263 | D:9      | 7263 ||| READING scroll labelled ZAWNOSS YPRAUPUK.
  7281 | D:10     | Entered Level 10 of the Dungeon
  7282 | D:10     | Found a staircase to the Lair.
  7294 | D:10     | Noticed a +0 short sword
  7295 | D:10     | Noticed a +0 spear
  7296 | D:10     | Noticed a +0 dagger
  7299 | D:10     | Noticed a +0 spear
  7300 | D:10     | Noticed a +0 falchion
  7325 | D:10     | Found a hide-covered altar of Uskayaw.
  7326 | D:10     | Noticed a +0 short sword
  7326 | D:10     | Noticed a +0 falchion
  7327 | D:10     | Noticed a +0 dagger
  7369 | D:10     | 7369 ||| Stepping ~*~*~tactically~*~*~ (hiding).
  7379 | D:10     | Noticed a two-headed ogre
  7382 | D:10     | 7382 ||| Stepping ~*~*~tactically~*~*~ (hiding).
  7386 | D:10     | 7386 ||| INVOKING Fiery Armour.
  7387 | D:10     | 7387 ||| Stepping ~*~*~tactically~*~*~ (outnumbered).
  7390 | D:10     | Killed a two-headed ogre
  7391 | D:10     | Reached skill level 14 in Unarmed Combat
  7391 | D:10     | 7391 ||| Stepping ~*~*~tactically~*~*~ (outnumbered).
  7552 | D:10     | Reached skill level 6 in Fighting
  7669 | D:10     | 7669 ||| Stepping ~*~*~tactically~*~*~ (outnumbered).
  7670 | D:10     | 7670 ||| Stepping ~*~*~tactically~*~*~ (outnumbered).
  7671 | D:10     | 7671 ||| Stepping ~*~*~tactically~*~*~ (outnumbered).
  7672 | D:10     | 7672 ||| Stepping ~*~*~tactically~*~*~ (outnumbered).
  7673 | D:10     | 7673 ||| Stepping ~*~*~tactically~*~*~ (outnumbered).
  7674 | D:10     | 7674 ||| Stepping ~*~*~tactically~*~*~ (outnumbered).
  7675 | D:10     | 7675 ||| Stepping ~*~*~tactically~*~*~ (outnumbered).
  7676 | D:10     | 7676 ||| Stepping ~*~*~tactically~*~*~ (outnumbered).
  7677 | D:10     | 7677 ||| Stepping ~*~*~tactically~*~*~ (outnumbered).
  7678 | D:10     | 7678 ||| Stepping ~*~*~tactically~*~*~ (outnumbered).
  7679 | D:10     | 7679 ||| Stepping ~*~*~tactically~*~*~ (outnumbered).
  7680 | D:10     | 7680 ||| STAIRDANCE
  7682 | D:9      | 7682 ||| Stepping ~*~*~tactically~*~*~ (outnumbered).
  7683 | D:9      | 7683 ||| Stepping ~*~*~tactically~*~*~ (outnumbered).
  7684 | D:9      | 7684 ||| Stepping ~*~*~tactically~*~*~ (outnumbered).
  7685 | D:9      | 7685 ||| Stepping ~*~*~tactically~*~*~ (outnumbered).
  7686 | D:9      | 7686 ||| Stepping ~*~*~tactically~*~*~ (outnumbered).
  7695 | D:9      | 7695 ||| READING 4 scrolls of identify.
  7695 | D:9      | 7695 ||| IDENTIFYING fizzy clear potion
  7696 | D:9      | 7696 ||| READING 3 scrolls of identify.
  7696 | D:9      | 7696 ||| IDENTIFYING smoky coppery potion
  7697 | D:9      | 7697 ||| READING 2 scrolls of identify.
  7697 | D:9      | 7697 ||| IDENTIFYING grey potion
  7698 | D:9      | 7698 ||| DROPPING potion of invisibility.
  7699 | D:9      | 7699 ||| DROPPING potion of lignification.
  7700 | D:9      | 7700 ||| DROPPING potion of berserk rage.
  7716 | D:10     | 7716 ||| STAIRDANCE
  7893 | D:10     | 7893 ||| Stepping ~*~*~tactically~*~*~ (outnumbered).
  7894 | D:10     | 7894 ||| Stepping ~*~*~tactically~*~*~ (outnumbered).
  7895 | D:10     | 7895 ||| Stepping ~*~*~tactically~*~*~ (outnumbered).
  7900 | D:10     | 7900 ||| Stepping ~*~*~tactically~*~*~ (outnumbered).
  7905 | D:10     | Reached skill level 15 in Unarmed Combat
  7951 | D:10     | Reached XP level 11. HP: 105/105 MP: 11/11
  8055 | D:10     | 8055 ||| PLANNING LAIR
  8096 | Lair:1   | Entered Level 1 of the Lair of Beasts
  8097 | Lair:1   | 8097 ||| PLANNING GAUNTLET
  8175 | Lair:1   | 8175 ||| INVOKING Fiery Armour.
  8178 | Lair:1   | Reached skill level 3 in Throwing
  8566 | Lair:1   | 8566 ||| RIP GAUNTLET
  8573 | Lair:1   | 8573 ||| PLANNING LAIR
  8573 | Lair:1   | 8573 ||| Stepping ~*~*~tactically~*~*~ (stealth).
  8839 | Lair:1   | 8839 ||| DROPPING ring of flight.
  8840 | Lair:1   | 8840 ||| READING scroll labelled EMOJ ZAQEACK.
  8841 | Lair:1   | 8841 ||| READING scroll labelled HUDEDI DIVIMOL.
  8842 | Lair:1   | 8842 ||| READING scroll labelled WEBEB NU ZEATA.
  8843 | Lair:1   | 8843 ||| READING scroll labelled HEDIBB QUENG.
  8844 | Lair:1   | 8844 ||| READING 2 scrolls of teleportation.
  8896 | Lair:2   | Noticed a boulder beetle
  8897 | Lair:2   | 8897 ||| INVOKING Fiery Armour.
  8904 | Lair:2   | Killed a boulder beetle
  8905 | Lair:2   | Reached skill level 6 in Throwing
  8997 | Lair:2   | 8997 ||| Stepping ~*~*~tactically~*~*~ (stealth).
  8999 | Lair:2   | 8999 ||| Stepping ~*~*~tactically~*~*~ (stealth).
  9047 | Lair:2   | 9047 ||| Stepping ~*~*~tactically~*~*~ (stealth).
  9048 | Lair:2   | 9048 ||| Stepping ~*~*~tactically~*~*~ (stealth).
  9096 | Lair:2   | Noticed a death yak
  9097 | Lair:2   | 9097 ||| INVOKING Fiery Armour.
  9100 | Lair:2   | Noticed a death yak
  9103 | Lair:2   | Killed a death yak
  9104 | Lair:2   | Noticed a death yak
  9112 | Lair:2   | 9112 ||| Stepping ~*~*~tactically~*~*~ (outnumbered).
  9113 | Lair:2   | 9113 ||| Stepping ~*~*~tactically~*~*~ (outnumbered).
  9115 | Lair:2   | Killed a death yak
  9116 | Lair:2   | Reached skill level 16 in Unarmed Combat
  9119 | Lair:2   | Killed a death yak
  9240 | Lair:2   | Found a transporter.
  9252 | Lair:2   | Noticed a death yak
  9252 | Lair:2   | Noticed qw's ghost (journeyman TrCA)
  9281 | Lair:2   | Found a transporter.
  9796 | Lair:3   | 9796 ||| INVOKING Fiery Armour.
  9808 | Lair:3   | Reached XP level 12. HP: 104/118 MP: 12/12
  9812 | Lair:3   | 9812 ||| Stepping ~*~*~tactically~*~*~ (hiding).
  9815 | Lair:3   | 9815 ||| Stepping ~*~*~tactically~*~*~ (hiding).
  9847 | Lair:3   | Noticed Fannar
  9848 | Lair:3   | 9848 ||| FLEEEEING.
  9849 | Lair:3   | 9849 ||| FLEEEEING.
  9850 | Lair:3   | 9850 ||| FLEEEEING.
  9851 | Lair:3   | 9851 ||| FLEEEEING.
  9852 | Lair:3   | 9852 ||| FLEEEEING.
  9865 | Lair:3   | Killed Fannar
  9996 | Lair:3   | Found a staircase to the Snake Pit.
  9997 | Lair:3   | 9997 ||| PLANNING CONVERSION TO OKAWARU
 10221 | D:7      | Fell from the grace of Ignis
 10221 | D:7      | Became a worshipper of Warmaster Okawaru
 10222 | D:7      | 10222 ||| PLANNING LAIR
 10222 | D:7      | 10222 ||| UPGRADING to +1 robe of cold resistance.
 10362 | Lair:3   | 10362 ||| Stepping ~*~*~tactically~*~*~ (hiding).
 10365 | Lair:3   | 10365 ||| Stepping ~*~*~tactically~*~*~ (hiding).
 10391 | Lair:3   | 10391 ||| Stepping ~*~*~tactically~*~*~ (stealth).
 10401 | Lair:3   | 10401 ||| Stepping ~*~*~tactically~*~*~ (outnumbered).
 10432 | Lair:3   | Reached skill level 17 in Unarmed Combat
 10471 | Lair:3   | Reached * piety under Okawaru
 10561 | Lair:3   | 10561 ||| Stepping ~*~*~tactically~*~*~ (stealth).
 10564 | Lair:3   | 10564 ||| Stepping ~*~*~tactically~*~*~ (stealth).
 10566 | Lair:3   | 10566 ||| INVOKING Heroism.
 10574 | Lair:3   | Reached skill level 1 in Invocations
 10609 | Lair:3   | 10609 ||| Stepping ~*~*~tactically~*~*~ (outnumbered).
 10716 | Lair:3   | 10716 ||| Stepping ~*~*~tactically~*~*~ (stealth).
 10933 | Lair:3   | You fall into a shaft and drop 2 floors!
 10933 | Lair:5   | Entered Level 5 of the Lair of Beasts
 10936 | Lair:5   | 10936 ||| INVOKING Heroism.
 10943 | Lair:5   | 10943 ||| Stepping ~*~*~tactically~*~*~ (outnumbered).
 10945 | Lair:5   | 10945 ||| Stepping ~*~*~tactically~*~*~ (outnumbered).
 10946 | Lair:5   | 10946 ||| Stepping ~*~*~tactically~*~*~ (outnumbered).
 10947 | Lair:5   | 10947 ||| Stepping ~*~*~tactically~*~*~ (outnumbered).
 10948 | Lair:5   | 10948 ||| Stepping ~*~*~tactically~*~*~ (outnumbered).
 10953 | Lair:5   | Reached skill level 3 in Invocations
 10953 | Lair:5   | 10953 ||| Stepping ~*~*~tactically~*~*~ (outnumbered).
 10954 | Lair:5   | 10954 ||| Stepping ~*~*~tactically~*~*~ (outnumbered).
 10955 | Lair:5   | 10955 ||| Stepping ~*~*~tactically~*~*~ (outnumbered).
 10957 | Lair:5   | 10957 ||| Stepping ~*~*~tactically~*~*~ (outnumbered).
 10961 | Lair:5   | Reached ** piety under Okawaru
 10980 | Lair:5   | 10980 ||| INVOKING Heroism.
 11054 | Lair:5   | 11054 ||| INVOKING Heroism.
 11093 | Lair:5   | 11093 ||| INVOKING Heroism.
 11094 | Lair:5   | 11094 ||| Stepping ~*~*~tactically~*~*~ (stealth).
 11095 | Lair:5   | 11095 ||| Stepping ~*~*~tactically~*~*~ (stealth).
 11096 | Lair:5   | 11096 ||| READING 2 scrolls labelled XIKEYMUGOH.
 11099 | Lair:5   | Noticed a five-headed hydra
 11110 | Lair:5   | Killed a seven-headed hydra
 11110 | Lair:5   | Reached *** piety under Okawaru
 11111 | Lair:5   | Reached skill level 18 in Unarmed Combat
 11113 | Lair:5   | 11113 ||| Stepping ~*~*~tactically~*~*~ (outnumbered).
 11114 | Lair:5   | 11114 ||| Stepping ~*~*~tactically~*~*~ (outnumbered).
 11115 | Lair:5   | 11115 ||| Stepping ~*~*~tactically~*~*~ (outnumbered).
 11116 | Lair:5   | 11116 ||| Stepping ~*~*~tactically~*~*~ (outnumbered).
 11117 | Lair:5   | 11117 ||| Stepping ~*~*~tactically~*~*~ (outnumbered).
 11118 | Lair:5   | 11118 ||| Stepping ~*~*~tactically~*~*~ (outnumbered).
 11119 | Lair:5   | 11119 ||| Stepping ~*~*~tactically~*~*~ (outnumbered).
 11122 | Lair:5   | 11122 ||| Stepping ~*~*~tactically~*~*~ (outnumbered).
 11123 | Lair:5   | 11123 ||| Stepping ~*~*~tactically~*~*~ (outnumbered).
 11124 | Lair:5   | 11124 ||| Stepping ~*~*~tactically~*~*~ (outnumbered).
 11125 | Lair:5   | 11125 ||| INVOKING Heroism.
 11126 | Lair:5   | 11126 ||| Stepping ~*~*~tactically~*~*~ (outnumbered).
 11129 | Lair:5   | 11129 ||| Stepping ~*~*~tactically~*~*~ (outnumbered).
 11134 | Lair:5   | 11134 ||| Stepping ~*~*~tactically~*~*~ (outnumbered).
 11137 | Lair:5   | Reached XP level 13. HP: 97/124 MP: 13/15
 11156 | Lair:5   | 11156 ||| DROPPING scroll of immolation.
 11169 | Lair:5   | 11169 ||| Stepping ~*~*~tactically~*~*~ (stealth).
 11177 | Lair:5   | 11177 ||| Stepping ~*~*~tactically~*~*~ (stealth).
 11179 | Lair:5   | 11179 ||| Stepping ~*~*~tactically~*~*~ (stealth).
 11182 | Lair:5   | 11182 ||| Stepping ~*~*~tactically~*~*~ (stealth).
 11190 | Lair:5   | 11190 ||| INVOKING Heroism.
 11206 | Lair:5   | Reached **** piety under Okawaru
 11206 | Lair:5   | Received a gift from Okawaru
 11340 | Lair:4   | Found a one-way gate to the infinite horrors of the Abyss.
 11341 | Lair:4   | Found a corrupted altar of Lugonu.
 11355 | Lair:4   | 11355 ||| Stepping ~*~*~tactically~*~*~ (stealth).
 11381 | Lair:4   | 11381 ||| Stepping ~*~*~tactically~*~*~ (stealth).
 11388 | Lair:4   | 11388 ||| Stepping ~*~*~tactically~*~*~ (stealth).
 11389 | Lair:4   | 11389 ||| Stepping ~*~*~tactically~*~*~ (stealth).
 11390 | Lair:4   | 11390 ||| Stepping ~*~*~tactically~*~*~ (stealth).
 11391 | Lair:4   | 11391 ||| Stepping ~*~*~tactically~*~*~ (stealth).
 11408 | Lair:4   | 11408 ||| INVOKING Heroism.
 11437 | Lair:4   | Found a viscous altar of Jiyva.
 11437 | Lair:4   | Found a staircase to the Slime Pits.
 11484 | Lair:4   | 11484 ||| Stepping ~*~*~tactically~*~*~ (stealth).
 11486 | Lair:4   | 11486 ||| Stepping ~*~*~tactically~*~*~ (stealth).
 11487 | Lair:4   | 11487 ||| Stepping ~*~*~tactically~*~*~ (stealth).
 11500 | Lair:4   | 11500 ||| INVOKING Heroism.
 11552 | Lair:4   | 11552 ||| STAIRDANCE
 11614 | Lair:3   | Found a staircase to the Swamp.
 11649 | Lair:3   | 11649 ||| Stepping ~*~*~tactically~*~*~ (outnumbered).
 11651 | Lair:3   | 11651 ||| Stepping ~*~*~tactically~*~*~ (outnumbered).
 11652 | Lair:3   | 11652 ||| Stepping ~*~*~tactically~*~*~ (outnumbered).
 11653 | Lair:3   | 11653 ||| Stepping ~*~*~tactically~*~*~ (outnumbered).
 11904 | Lair:4   | Noticed a minotaur
 11905 | Lair:4   | Noticed qw's ghost (journeyman TrCA)
 11921 | Lair:4   | Found a runed translucent gate.
 11922 | Lair:4   | Found a runed translucent gate.
 11931 | Lair:4   | 11931 ||| INVOKING Heroism.
 11950 | Lair:4   | Found a runed translucent gate.
 12385 | Lair:4   | You fall into a shaft and drop 1 floor!
 12389 | Lair:5   | 12389 ||| DROPPING scarf of invisibility.
 12390 | Lair:5   | 12390 ||| DROPPING amulet of the acrobat.
 12391 | Lair:5   | 12391 ||| READING 2 scrolls of identify.
 12391 | Lair:5   | 12391 ||| IDENTIFYING fuming inky potion
 12396 | Lair:5   | 12396 ||| INVOKING Heroism.
 12404 | Lair:5   | 12404 ||| Stepping ~*~*~tactically~*~*~ (cloud).
 12495 | Lair:4   | You fall into a shaft and drop 1 floor!
 12622 | Lair:4   | 12622 ||| READING scroll of teleportation.
 12677 | Lair:4   | 12677 ||| Stepping ~*~*~tactically~*~*~ (outnumbered).
 12760 | Lair:5   | 12760 ||| INVOKING Heroism.
 12879 | Lair:5   | 12879 ||| INVOKING Heroism.
 12948 | Lair:5   | 12948 ||| INVOKING Heroism.
 12949 | Lair:5   | 12949 ||| Stepping ~*~*~tactically~*~*~ (stealth).
 12950 | Lair:5   | 12950 ||| Stepping ~*~*~tactically~*~*~ (stealth).
 12951 | Lair:5   | 12951 ||| Stepping ~*~*~tactically~*~*~ (stealth).
 12952 | Lair:5   | 12952 ||| Stepping ~*~*~tactically~*~*~ (stealth).
 12953 | Lair:5   | 12953 ||| Stepping ~*~*~tactically~*~*~ (stealth).
 13009 | Lair:5   | 13009 ||| DRINKING 8 potions of curing.
 13009 | Lair:5   | 13009 ||| (to cure confusion)
 13058 | Lair:5   | 13058 ||| INVOKING Heroism.
 13116 | Lair:5   | 13116 ||| INVOKING Heroism.
 13118 | Lair:5   | 13118 ||| Stepping ~*~*~tactically~*~*~ (stealth).
 13127 | Lair:5   | 13127 ||| Stepping ~*~*~tactically~*~*~ (outnumbered).
 13128 | Lair:5   | 13128 ||| Stepping ~*~*~tactically~*~*~ (outnumbered).
 13129 | Lair:5   | 13129 ||| Stepping ~*~*~tactically~*~*~ (outnumbered).
 13130 | Lair:5   | 13130 ||| Stepping ~*~*~tactically~*~*~ (outnumbered).
 13131 | Lair:5   | 13131 ||| Stepping ~*~*~tactically~*~*~ (outnumbered).
 13132 | Lair:5   | 13132 ||| Stepping ~*~*~tactically~*~*~ (outnumbered).
 13133 | Lair:5   | 13133 ||| Stepping ~*~*~tactically~*~*~ (outnumbered).
 13136 | Lair:5   | 13136 ||| Stepping ~*~*~tactically~*~*~ (outnumbered).
 13137 | Lair:5   | 13137 ||| Stepping ~*~*~tactically~*~*~ (outnumbered).
 13179 | Lair:5   | 13179 ||| Stepping ~*~*~tactically~*~*~ (stealth).
 13186 | Lair:5   | 13186 ||| INVOKING Heroism.
 13188 | Lair:5   | Reached skill level 6 in Invocations
 13228 | Lair:5   | Reached ***** piety under Okawaru
 13235 | Lair:5   | 13235 ||| Stepping ~*~*~tactically~*~*~ (stealth).
 13237 | Lair:5   | 13237 ||| Stepping ~*~*~tactically~*~*~ (cloud).
 13239 | Lair:5   | 13239 ||| INVOKING Heroism.
 13240 | Lair:5   | 13240 ||| INVOKING Finesse.
 13261 | Lair:5   | Identified the +1 robe of Nihuyboga {rPois rCorr MP+9
                  | Stlth-} (Okawaru gifted it to you on level 5 of the Lair of
                  | Beasts)
 13261 | Lair:5   | Received a gift from Okawaru
 13265 | Lair:5   | Reached skill level 19 in Unarmed Combat
 13311 | Lair:5   | 13311 ||| INVOKING Heroism.
 13312 | Lair:5   | 13312 ||| INVOKING Finesse.
 13370 | Lair:5   | 13370 ||| INVOKING Heroism.
 13371 | Lair:5   | 13371 ||| INVOKING Finesse.
 13453 | Lair:5   | 13453 ||| Stepping ~*~*~tactically~*~*~ (stealth).
 13454 | Lair:5   | 13454 ||| INVOKING Heroism.
 13503 | Lair:5   | 13503 ||| INVOKING Heroism.
 13504 | Lair:5   | 13504 ||| INVOKING Finesse.
 13640 | Lair:5   | Was forgiven by Ignis
 13817 | Lair:5   | 13817 ||| PLANNING D:1-11
 13817 | Lair:5   | 13817 ||| UPGRADING to +1 robe of Nihuyboga {rPois rCorr
                  | MP+9 Stlth-}.
 13872 | Lair:5   | 13872 ||| DROPPING +4 ring of protection.
 13873 | Lair:5   | 13873 ||| READING scroll labelled KIASECVA VOHUNEE.
 13983 | D:11     | 13983 ||| STAIRDANCE
 13994 | D:11     | 13994 ||| INVOKING Heroism.
 13998 | D:11     | Reached XP level 14. HP: 85/137 MP: 18/18
 14050 | D:11     | 14050 ||| Stepping ~*~*~tactically~*~*~ (hiding).
 14056 | D:11     | 14056 ||| INVOKING Heroism.
 14057 | D:11     | 14057 ||| Stepping ~*~*~tactically~*~*~ (outnumbered).
 14060 | D:11     | 14060 ||| Stepping ~*~*~tactically~*~*~ (outnumbered).
 14115 | D:11     | 14115 ||| DRINKING 7 potions of curing.
 14115 | D:11     | 14115 ||| (to cure confusion)
 14160 | D:11     | 14160 ||| Stepping ~*~*~tactically~*~*~ (hiding).
 14162 | D:11     | 14162 ||| Stepping ~*~*~tactically~*~*~ (hiding).
 14339 | D:11     | 14339 ||| Stepping ~*~*~tactically~*~*~ (hiding).
 14476 | D:11     | 14476 ||| INVOKING Heroism.
 14500 | D:11     | 14500 ||| Stepping ~*~*~tactically~*~*~ (stealth).
 14502 | D:11     | 14502 ||| Stepping ~*~*~tactically~*~*~ (stealth).
 14589 | D:11     | 14589 ||| Stepping ~*~*~tactically~*~*~ (stealth).
 14598 | D:11     | 14598 ||| Stepping ~*~*~tactically~*~*~ (outnumbered).
 14605 | D:11     | 14605 ||| Stepping ~*~*~tactically~*~*~ (stealth).
 14619 | D:11     | 14619 ||| Stepping ~*~*~tactically~*~*~ (stealth).
 14627 | D:11     | 14627 ||| Stepping ~*~*~tactically~*~*~ (outnumbered).
 14628 | D:11     | 14628 ||| Stepping ~*~*~tactically~*~*~ (outnumbered).
 14630 | D:11     | 14630 ||| INVOKING Heroism.
 14634 | D:11     | 14634 ||| Stepping ~*~*~tactically~*~*~ (outnumbered).
 14636 | D:11     | 14636 ||| Stepping ~*~*~tactically~*~*~ (outnumbered).
 14655 | D:11     | 14655 ||| Stepping ~*~*~tactically~*~*~ (stealth).
 14656 | D:11     | 14656 ||| Stepping ~*~*~tactically~*~*~ (stealth).
 14665 | D:11     | HP: 25/137 [orc knight/+0 broad axe (30)]
 14666 | D:11     | 14666 ||| DRINKING potion of heal wounds.
 14670 | D:11     | HP: 34/137 [orc knight/+0 broad axe (30)]
 14677 | D:11     | 14677 ||| Stepping ~*~*~tactically~*~*~ (stealth).
 14681 | D:11     | 14681 ||| Stepping ~*~*~tactically~*~*~ (stealth).
 14682 | D:11     | 14682 ||| Stepping ~*~*~tactically~*~*~ (stealth).
 14683 | D:11     | 14683 ||| INVOKING Heroism.
 14686 | D:11     | HP: 32/137 [boulder beetle (27)]
 14688 | D:11     | 14688 ||| FLEEEEING.
 14700 | D:11     | 14700 ||| Stepping ~*~*~tactically~*~*~ (stealth).
 14705 | D:11     | 14705 ||| INVOKING Finesse.
 14807 | D:11     | 14807 ||| Stepping ~*~*~tactically~*~*~ (stealth).
 14808 | D:11     | 14808 ||| Stepping ~*~*~tactically~*~*~ (stealth).
 14819 | D:11     | 14819 ||| Stepping ~*~*~tactically~*~*~ (stealth).
 14912 | D:11     | 14912 ||| Stepping ~*~*~tactically~*~*~ (hiding).
 14914 | D:11     | 14914 ||| Stepping ~*~*~tactically~*~*~ (hiding).
 14916 | D:11     | 14916 ||| Stepping ~*~*~tactically~*~*~ (hiding).
 15062 | D:11     | 15062 ||| INVOKING Heroism.
 15066 | D:11     | Reached skill level 9 in Fighting
 15069 | D:11     | 15069 ||| Stepping ~*~*~tactically~*~*~ (outnumbered).
 15070 | D:11     | 15070 ||| Stepping ~*~*~tactically~*~*~ (outnumbered).
 15071 | D:11     | 15071 ||| Stepping ~*~*~tactically~*~*~ (outnumbered).
 15072 | D:11     | 15072 ||| Stepping ~*~*~tactically~*~*~ (outnumbered).
 15073 | D:11     | 15073 ||| Stepping ~*~*~tactically~*~*~ (outnumbered).
 15080 | D:11     | 15080 ||| Stepping ~*~*~tactically~*~*~ (outnumbered).
 15082 | D:11     | 15082 ||| Stepping ~*~*~tactically~*~*~ (outnumbered).
 15453 | D:11     | 15453 ||| UPGRADING to +0 kite shield.
 15458 | D:11     | 15458 ||| PLANNING D
 15458 | D:11     | 15458 ||| DRINKING 7 smoky golden potions.
 15559 | D:11     | 15559 ||| DROPPING 6 potions of ambrosia.
 15609 | D:12     | Noticed a reaper
 15609 | D:12     | Noticed a reaper
 15609 | D:12     | Noticed a reaper
 15609 | D:12     | Noticed a reaper
 15609 | D:12     | Noticed a reaper
 15611 | D:12     | 15611 ||| INVOKING Heroism.
 15618 | D:12     | 15618 ||| FLEEEEING.
 15624 | D:12     | Reached skill level 1 in Shields
 15883 | D:12     | 15883 ||| INVOKING Heroism.
 15890 | D:12     | Reached skill level 9 in Invocations
 15892 | D:12     | 15892 ||| Stepping ~*~*~tactically~*~*~ (outnumbered).
 15893 | D:12     | 15893 ||| Stepping ~*~*~tactically~*~*~ (outnumbered).
 15894 | D:12     | 15894 ||| Stepping ~*~*~tactically~*~*~ (outnumbered).
 15895 | D:12     | 15895 ||| Stepping ~*~*~tactically~*~*~ (outnumbered).
 15896 | D:12     | 15896 ||| Stepping ~*~*~tactically~*~*~ (outnumbered).
 15897 | D:12     | 15897 ||| Stepping ~*~*~tactically~*~*~ (outnumbered).
 15898 | D:12     | 15898 ||| Stepping ~*~*~tactically~*~*~ (outnumbered).
 15899 | D:12     | 15899 ||| Stepping ~*~*~tactically~*~*~ (outnumbered).
 15900 | D:12     | 15900 ||| Stepping ~*~*~tactically~*~*~ (outnumbered).
 15901 | D:12     | 15901 ||| Stepping ~*~*~tactically~*~*~ (outnumbered).
 16096 | D:12     | 16096 ||| INVOKING Heroism.
 16103 | D:12     | 16103 ||| Stepping ~*~*~tactically~*~*~ (outnumbered).
 16104 | D:12     | 16104 ||| Stepping ~*~*~tactically~*~*~ (outnumbered).
 16105 | D:12     | 16105 ||| Stepping ~*~*~tactically~*~*~ (outnumbered).
 16106 | D:12     | 16106 ||| Stepping ~*~*~tactically~*~*~ (outnumbered).
 16107 | D:12     | 16107 ||| Stepping ~*~*~tactically~*~*~ (outnumbered).
 16409 | D:12     | 16409 ||| STAIRDANCE
 16520 | D:12     | 16520 ||| STAIRDANCE
 16524 | D:11     | 16524 ||| INVOKING Heroism.
 16557 | D:12     | 16557 ||| STAIRDANCE
 16586 | D:12     | 16586 ||| INVOKING Heroism.
 16587 | D:12     | 16587 ||| INVOKING Finesse.
 16595 | D:12     | Reached skill level 3 in Shields
 16601 | D:12     | Received a gift from Okawaru
 16606 | D:12     | HP: 32/140 [troll (shapeshifter) (4)]
 16608 | D:12     | HP: 6/140 [centaur warrior simulacrum (10)]
 16608 | D:12     | Slain by a centaur warrior simulacrum

Levels and vault maps discovered:
D:1:      dpeg_chamrin_arrival_tetris, layout_loops_ring,
          hellmonk_ecumenical_altar_heavens_door
D:2:      layout_basic
D:3:      layout_basic, zin_scriptorium
D:4:      layout_basic, amcnicky_altar_gilded, nicolae_sif_muna_condensation,
          minmay_misc_feat_four_crosses
D:5:      layout_loops_cross, worldfamousw_hep_ancestral_shrine,
          gammafunk_ghost_grave, chequers_mini_garden
D:6:      layout_basic, chequers_temple_overflow_statue_of_worship,
          minmay_temple_entry_large_hall, serial_demonic, serial_demonic_c,
          serial_demonic_c, serial_demonic_d, serial_demonic_b,
          serial_demonic_c, serial_demonic_b, serial_shops, shop_fountains,
          uniq_maggie, uniq_sigmund
D:7:      layout_gridville, okawaru_ov_weapons_minmay, general_overflow_altar,
          minmay_shop_grid_forest
D:8:      layout_basic, nicolae_ashenzari_skybound, serial_shops, shop,
          enter_bailey_6, dreamdust_princess_bridge
D:9:      layout_loops_corners, mainiacjoe_overflow_brackets, erik_orc_2,
          nicolae_sextant
D:10:     layout_irregular_city, nicolae_uskayaw_en_pointe, lair_entry_dummy,
          nicolae_underground_beach
D:11:     regret_index_bee_streams, layout_stronghold
D:12:     hangedman_arrow_trap, layout_irregular_city,
          minmay_guarded_unrand_curses
Lair:1:   layout_loops_ring, gauntlet_entry_generic
Lair:2:   layout_cave_pods, gammafunk_ghost_berserking_beasts,
          nzn_sisyphean_effort
Lair:3:   layout_cellular_growth, minmay_swamp_entry_worms,
          minmay_snake_entry_guardpost_small, wad_woods_river_01, uniq_fannar
Lair:4:   layout_long_grid, dpeg_slime_entry_corner,
          maelrawn_ghost_gauntlet_escape, amcnicky_altar_lugonu_corruption,
          infiniplex_staircase_pool
Lair:5:   grunt_lair_end_beastmaster, layout_regular_city,
          infiniplex_staircase_pool_2, grunt_megastairs_4

Skill      XL: |  1  2  3  4  5  6  7  8  9 10 11 12 13 14 |
---------------+-------------------------------------------+-----
Unarmed Combat | 4 5 6 8 9 11 13 15 16 18 19 | 19.0
Fighting       | 3 4 5 6 7 8 9 |  9.0
Throwing       | 1 2 6 7 8 |  8.0
Dodging        | 1 2 |  2.1
Armour         | 1 2 |  2.1
Invocations    | 4 7 9 |  9.4
Shields        | 3 |  3.3
Spellcasting   | |  1.0
Fire Magic     | |  2.1

Action                   |  1- 3 |  4- 6 |  7- 9 | 10-12 | 13-15 || total
-------------------------+-------+-------+-------+-------+-------++-------
Melee: Unarmed           |    80 |    68 |   268 |   372 |   383 ||  1171
       Punch             |     2 |     2 |     8 |    26 |    33 ||    71
Throw: Boomerang         |       |       |    62 |    29 |    86 ||   177
       Large rock        |       |       |       |    46 |    67 ||   113
       Javelin           |       |       |       |       |     3 ||     3
Invok: Fiery Armour      |     1 |     1 |     4 |     6 |       ||    12
       Heroism           |       |       |       |     6 |    27 ||    33
       Finesse           |       |       |       |       |     6 ||     6
  Use: Scroll            |     2 |     1 |    10 |    11 |     3 ||    27
       Potion            |     1 |     1 |     4 |     1 |     4 ||    11
Armor: Robe              |    35 |    18 |    16 |    15 |    51 ||   135
       Steam dragon scal |       |       |    46 |    37 |       ||    83
Dodge: Dodged            |    29 |    26 |   153 |   213 |   240 ||   661
Block: Kite shield       |       |       |       |       |    14 ||    14

Table legend:
 A = Non-vault XP
 B = Vault XP
 C = Vault XP percentage of total XP
 D = Non-vault monster count
 E = Vault monster count
 F = Vault count percentage of total count
                 A         B        C        D         E       F
            +---------+---------+-------+---------+---------+-------
      Total |   49581 |   35375 |  41.6 |     360 |     139 |  27.9
            +---------+---------+-------+---------+---------+-------
        D:1 |      32 |       0 |   0.0 |      18 |       0 |   0.0
        D:2 |      58 |       0 |   0.0 |      13 |       0 |   0.0
        D:3 |     242 |       0 |   0.0 |      23 |       0 |   0.0
        D:4 |     293 |       0 |   0.0 |      19 |       0 |   0.0
        D:5 |    1065 |       0 |   0.0 |      24 |       0 |   0.0
        D:6 |     597 |     645 |  51.9 |      10 |       7 |  41.2
        D:7 |     525 |       0 |   0.0 |      18 |       0 |   0.0
        D:8 |     823 |       0 |   0.0 |      33 |       0 |   0.0
        D:9 |    2075 |     700 |  25.2 |      35 |      18 |  34.0
       D:10 |    3914 |     845 |  17.8 |      19 |       4 |  17.4
       D:11 |    4322 |    8865 |  67.2 |      24 |      49 |  67.1
       D:12 |    3627 |    4093 |  53.0 |      10 |      13 |  56.5
     Lair:1 |    3401 |       0 |   0.0 |      20 |       0 |   0.0
     Lair:2 |    5527 |     854 |  13.4 |      16 |       1 |   5.9
     Lair:3 |    6927 |    3562 |  34.0 |      23 |      12 |  34.3
     Lair:4 |    2963 |       0 |   0.0 |      15 |       0 |   0.0
     Lair:5 |   13190 |   15811 |  54.5 |      40 |      35 |  46.7
            +---------+---------+-------+---------+---------+-------
